 Dungeon Crawl Stone Soup version 0.28.0-49-g6dfe1f597d (webtiles) character file.

Game seed: 7352661120398013826

84 Peloso the Covered (level 4, -4/41 HPs)
             Began as a Minotaur Fighter on May 17, 2022.
             Slain by a gnoll
             ... wielding a +0 rapier
              (7 damage)
             ... on level 2 of the Dungeon.
             The game lasted 00:03:00 (1195 turns).

Peloso the Covered (Minotaur Fighter)               Turns: 1195, Time: 00:03:01

Health: -4/41      AC:  7    Str: 21    XL:     4   Next: 24%
Magic:  3/3        EV:  9    Int:  5    God:
Gold:   20         SH:  4    Dex: 11    Spells: 3/3 levels left

rFire   . . .      SeeInvis .   a - +0 long sword
rCold   . . .      Faith    .   c - +0 buckler
rNeg    . . .      Spirit   .   b - +0 scale mail
rPois   .          Reflect  .   (helmet restricted)
rElec   .          Harm     .   (no cloak)
rCorr   .          Rampage  .   (no gloves)
Will    .....                   (no boots)
Stlth   ..........              (no amulet)
HPRegen 0.13/turn               (no ring)
MPRegen 0.08/turn               (no ring)

@: no status effects
A: horns 2, retaliatory headbutt
a: no special abilities


You were on level 2 of the Dungeon.
You visited 1 branch of the dungeon, and saw 2 of its levels.

You collected 20 gold pieces.

Inventory:

Hand Weapons
 a - a +0 long sword (weapon)
Armour
 b - a +0 scale mail (worn)
 c - a +0 buckler (worn)
Scrolls
 e - a scroll of teleportation {unknown}
 f - a scroll of amnesia
 g - a scroll of immolation {unknown}
Potions
 d - a potion of might


   Skills:
 + Level 4.3 Fighting
 + Level 3.3 Long Blades
 + Level 4.5 Armour
 + Level 0.3 Dodging
 + Level 4.2 Shields


You had 3 spell levels left.
You didn't know any spells.
Your spell library was empty.

Dungeon Overview and Level Annotations

Branches:
Dungeon (2/15)

Altars:


Innate Abilities, Weirdness & Mutations

You have a pair of horns on your head.
You reflexively headbutt those who attack you in melee.


Message History

The gnoll barely misses you. You furiously retaliate!
You headbutt the gnoll.
You kill the gnoll!
Unknown command.
You barely miss the gnoll shaman.
The gnoll shouts!
Your headbutt misses the gnoll shaman.
The gnoll shaman is heavily wounded.
You block the gnoll shaman's attack. The gnoll closely misses you.
The gnoll hits you with a +0 rapier.
* * * LOW HITPOINT WARNING * * *
The gnoll shaman calls upon its god to speed up the gnoll.
The gnoll seems to speed up.
The gnoll hits you but does no damage. The gnoll hits you but does no damage.
You block the gnoll's attack. You block the gnoll's attack.
The gnoll barely misses you. The gnoll misses you.
You block the gnoll's attack. The gnoll hits you but does no damage.
You block the gnoll's attack.
You are no longer glowing.
The gnoll hits you with a +0 rapier.
* * * LOW HITPOINT WARNING * * *
There is an open door here.
The gnoll barely misses you. You furiously retaliate!
You headbutt the gnoll. You block the gnoll's attack.
The gnoll closely misses you. The gnoll hits you with a +0 rapier.
* * * LOW HITPOINT WARNING * * *
The gnoll shaman calls upon its god to heal the gnoll.
The gnoll's wounds heal themselves!
You block the gnoll's attack. The gnoll hits you with a +0 rapier.
* * * LOW HITPOINT WARNING * * *
The gnoll hits you with a +0 rapier.
* * * LOW HITPOINT WARNING * * *
There is a stone staircase leading up here.
The gnoll is no longer moving quickly.
The gnoll hits you with a +0 rapier!
You die...

#. #. #. #. ### ### #
#.###.###########..
#.#>..............'..
#....).g###########..
###.@g..# #.. #.#####
#[. #. #.. #. #.. #.
### #. # #. + #. # #


You could see a gnoll shaman and a gnoll.

Vanquished Creatures
  Jessica (D:2)
  3 gnolls
  An adder (D:1)
  4 ball pythons
  2 bats (D:1)
  An endoplasm (D:1)
  4 hobgoblins (D:1)
  A kobold (D:1)
  A frilled lizard (D:2)
  4 rats
22 creatures vanquished.

Notes
Turn   | Place    | Note
-------+----------+-------------------------------------------
     0 | D:1      | Peloso the Minotaur Fighter began the quest for the Orb.
     0 | D:1      | Reached XP level 1. HP: 19/19 MP: 0/0
   202 | D:1      | Reached XP level 2. HP: 27/27 MP: 1/1
   593 | D:2      | Noticed Jessica
   616 | D:2      | Killed Jessica
   617 | D:2      | Reached XP level 3. HP: 15/33 MP: 2/2
  1112 | D:2      | Reached XP level 4. HP: 41/41 MP: 3/3
  1193 | D:2      | HP: 2/41 [gnoll/+0 rapier (1)]
  1195 | D:2      | Slain by a gnoll

Illustrated notes

Levels and vault maps discovered:
D:1:      minmay_arrival_checkered_box, layout_rooms
D:2:      layout_basic, uniq_jessica

Skill      XL: |  1  2 |
---------------+-------+-----
Fighting       | 4 |  4.3
Armour         | 4 |  4.5
Shields        | 4 |  4.2
Long Blades    | 3 |  3.3
Dodging        | |  0.3

Action                   |  1- 3 |  4- 6 || total
-------------------------+-------+-------++-------
Melee: Long sword        |    64 |     5 ||    69
       Headbutt          |     6 |     2 ||     8
  Use: Scroll            |     1 |       ||     1
       Potion            |     1 |       ||     1
Armor: Scale mail        |    41 |     3 ||    44
Dodge: Dodged            |    39 |     9 ||    48
Block: Buckler           |    20 |     8 ||    28
